 Dungeon Crawl Stone Soup version 0.29-a0-194-g6e3aafee17 (webtiles) character file.

Game seed: 12224976953892569397

232 cyrus the Chopper (level 6, -3/53 HPs)
             Began as a Hill Orc Fighter on Feb 22, 2022.
             Slain by a gnoll
             ... wielding a +0 whip
              (5 damage)
             ... on level 2 of the Dungeon.
             The game lasted 00:05:18 (3039 turns).

cyrus the Chopper (Hill Orc Fighter)                Turns: 3039, Time: 00:05:19

Health: -3/53      AC:  9    Str: 19    XL:     6   Next: 4%
Magic:  6/6        EV:  9    Int: 10    God:
Gold:   65         SH:  4    Dex: 10    Spells: 5/5 levels left

rFire   . . .      SeeInvis .   a - +0 war axe
rCold   . . .      Faith    .   c - +0 buckler
rNeg    . . .      Spirit   .   b - +0 scale mail
rPois   .          Reflect  .   (no helmet)
rElec   .          Harm     .   (no cloak)
rCorr   .          Rampage  .   r - +0 pair of gloves
Will    .....                   g - +0 pair of boots
Stlth   ..........              (no amulet)
HPRegen 0.17/turn               (no ring)
MPRegen 0.10/turn               (no ring)

@: no status effects
A: no striking features
a: no special abilities


You were on level 2 of the Dungeon.
You visited 1 branch of the dungeon, and saw 2 of its levels.

You collected 65 gold pieces.

Inventory:

Hand Weapons
 a - a +0 war axe (weapon)
 k - a +0 spear
 l - a +0 spear
 m - a +0 whip
 n - a +0 whip of draining
Armour
 b - a +0 scale mail (worn)
 c - a +0 buckler (worn)
 g - a +0 pair of boots (worn)
 r - a +0 pair of gloves (worn)
Jewellery
 e - a ring of wizardry
 q - an amulet of faith
Scrolls
 h - a scroll of enchant weapon {unknown}
 o - a scroll of amnesia {unknown}
 p - a scroll of identify {unknown}
Potions
 d - a potion of might
 f - a potion of cancellation {unknown}
 i - a potion of magic {unknown}
 j - 2 potions of attraction {unknown}


   Skills:
 + Level 4.5 Fighting
 + Level 5.6 Axes
 + Level 4.5 Armour
 + Level 0.6 Dodging
 + Level 0.1 Stealth
 + Level 3.8 Shields


You had 5 spell levels left.
You didn't know any spells.
Your spell library was empty.

Dungeon Overview and Level Annotations

Branches:
Dungeon (2/15)

Altars:


Message History

The gnoll barely misses you. The gnoll hits you with a +0 flail.
You slash the gnoll!
You kill the gnoll!
The gnoll completely misses you. The gnoll hits you but does no damage.
You see here a +0 flail.
The gnoll barely misses you.
You closely miss the gnoll. The gnoll hits you but does no damage.
The gnoll hits you with a +0 spear.
You hit the gnoll.
The gnoll is moderately wounded.
The gnoll hits you with a +0 spear.
* * * LOW HITPOINT WARNING * * *
You barely miss the gnoll.
The gnoll is moderately wounded.
The gnoll hits you with a +0 spear.
* * * LOW HITPOINT WARNING * * *
You closely miss the gnoll.
The gnoll is moderately wounded.
The gnoll hits you with a +0 spear.
* * * LOW HITPOINT WARNING * * *
You slash the gnoll!
The gnoll is almost dead.
You block the gnoll's attack. The gnoll hits you but does no damage.
You hit the gnoll but do no damage.
The gnoll is almost dead.
The gnoll hits you with a +0 spear.
* * * LOW HITPOINT WARNING * * *
You hit the gnoll.
You kill the gnoll!
You have reached level 6!
Unknown command.
The gnoll hits you but does no damage. You block the gnoll's attack.
You block the gnoll's attack. The gnoll barely misses you.
The gnoll hits you with a +0 whip.
* * * LOW HITPOINT WARNING * * *
There is a stone staircase leading up here.
The gnoll hits you with a +0 whip.
You die...

##### #.(.# ########### ###...###
#.........# #.......#####
#.#######.# #...........# #.##.##
#.# #.......###.## #.#.#.###.#
.............##########..###.##.#
##....####......@.......## ##.#.#
#....#....#....†g.......###.##.#
#....#.##...#####g####.#.#.###..
#.####.####.# #.# #....># #.# #.#
#.# #.# #.# #.##..# #.# #.# #.#
..# #.# #.##..###.# #.# #.# ###
#<# #.##....... #.# #.# #.#
#.........# .#.####.# #.#
####.####.#


You could see 2 gnolls.

Vanquished Creatures
  Terence (D:2)
  Natasha (twice) (D:2)
  An adder (D:2)
  11 gnolls (D:2)
  A worm (D:2)
  2 dart slugs (D:1)
  6 endoplasms
  3 giant cockroaches (D:1)
  2 hobgoblins (D:2)
  3 kobolds
  A quokka (D:1)
  5 ball pythons
  A bat (D:1)
  2 frilled lizards
  2 goblins
  6 rats
49 creatures vanquished.

Notes
Turn   | Place    | Note
-------+----------+-------------------------------------------
     0 | D:1      | cyrus the Hill Orc Fighter began the quest for the Orb.
     0 | D:1      | Reached XP level 1. HP: 19/19 MP: 1/1
   292 | D:1      | Reached XP level 2. HP: 27/27 MP: 2/2
   410 | D:1      | Reached skill level 3 in Axes
   429 | D:1      | Noticed an eye of devastation
   435 | D:1      | Found a faded altar of an unknown god.
   440 | D:1      | Noticed a floating eye
   444 | D:1      | Noticed a floating eye
   453 | D:1      | Noticed a shining eye
   872 | D:2      | Reached XP level 3. HP: 32/33 MP: 3/3
   884 | D:2      | Reached skill level 4 in Axes
   892 | D:2      | Reached XP level 4. HP: 7/36 MP: 4/4
  1544 | D:2      | Noticed Terence
  1569 | D:2      | Killed Terence
  2112 | D:2      | Reached XP level 5. HP: 16/46 MP: 5/5
  2114 | D:2      | Reached skill level 5 in Axes
  2604 | D:2      | Noticed Natasha
  2614 | D:2      | Killed Natasha
  2939 | D:2      | Noticed Natasha
  2947 | D:2      | Killed Natasha
  3015 | D:2      | HP: 1/47 [gnoll/+0 spear (5)]
  3017 | D:2      | Reached XP level 6. HP: 1/53 MP: 6/6
  3030 | D:2      | HP: 1/53 [gnoll/+0 whip (3)]
  3039 | D:2      | Slain by a gnoll

Illustrated notes

Levels and vault maps discovered:
D:1:      lemuel_arrival_river_bridge, layout_basic,
          hellmonk_ecumenical_altar_watching_god, columned_hall_lemuel
D:2:      minmay_recursive_quarters, layout_loops_ring, chequers_mini_garden,
          pf_guarded_unrand_woodcutter, uniq_terence, uniq_natasha

Skill      XL: |  1  2  3  4  5 |
---------------+----------------+-----
Axes           | 3 4 5 |  5.6
Fighting       | 4 |  4.5
Armour         | 4 |  4.5
Dodging        | |  0.6
Stealth        | |  0.1
Shields        | |  3.8

Action                   |  1- 3 |  4- 6 || total
-------------------------+-------+-------++-------
Melee: War axe           |    72 |    97 ||   169
Armor: Scale mail        |    33 |    42 ||    75
Dodge: Dodged            |    41 |    47 ||    88
Block: Buckler           |    18 |    20 ||    38

Table legend: (Time is in decaauts)
 A = Elapsed time spent in this place.
 B = Non-inter-level travel time spent in this place.
 C = Inter-level travel time spent in this place.
 D = Time resting spent in this place.
 E = Time spent auto-exploring this place.
 F = Levels seen in this place.
 G = Mean time per level.
                   A        B        C        D        E       F      G
               +--------+--------+--------+--------+--------+-----+--------+
         Total |   3095 |   3089 |      6 |   1355 |   1135 |   2 | 1547.5 |
       Dungeon |   3095 |   3089 |      6 |   1355 |   1135 |   2 | 1547.5 |
               +--------+--------+--------+--------+--------+-----+--------+

Top non-repeatable levels by time:
     D:2: 2207 daAuts
     D:1: 888 daAuts
